 Dungeon Crawl Stone Soup version 0.19.4-12-gccf7e64 (webtiles) character file.

1666 vatarom the Zephyrmancer (level 9, -3/55 HPs)
             Began as a Tengu Air Elementalist on Feb 27, 2017.
             Was a Follower of Vehumet.
             Slain by a hippogriff (9 damage)
             ... on level 7 of the Dungeon.
             The game lasted 00:15:12 (7230 turns).

vatarom the Zephyrmancer (Tengu Air Elementalist)   Turns: 7230, Time: 00:15:13

Health: -3/55      AC:  3    Str:  9    XL:     9   Next: 1%
Magic:  0/15       EV: 13    Int: 18    God:    Vehumet [*.....]
Gold:   280        SH:  0    Dex: 15    Spells: 5 memorised, 3 levels left

rFire  . . .     SeeInvis .     e - +3 whip (freeze)
rCold  . . .     Gourm    .     a - +1 robe
rNeg   . . .     Faith    .     (no shield)
rPois  .         Spirit   .     (helmet restricted)
rElec  .         Reflect  .     (no cloak)
rCorr  .         Harm     .     (no gloves)
MR     .....                    (boots unavailable)
Stlth  ++........               (no amulet)
                                (no ring)
                                s - ring of flight

@: very slightly contaminated, repel missiles
A: beak, talons 3, able to fly 1
a: Fly, Renounce Religion, Evoke Flight


You were on level 7 of the Dungeon.
You worshipped Vehumet.
Vehumet was aware of your devotion.
You were not hungry.

You visited 2 branches of the dungeon, and saw 8 of its levels.

You collected 280 gold pieces.

Inventory:

Hand Weapons
 e - a +3 whip of freezing (weapon)
Armour
 a - a +1 robe (worn)
Jewellery
 s - a ring of flight (left hand)
Wands
 d - a wand of random effects (8/48)
 f - a wand of digging (9/24)
 j - a wand of slowing (16/48)
 t - a wand of iceblast (6/15)
Scrolls
 c - a scroll of remove curse
 g - 3 scrolls of enchant armour
 h - 3 scrolls of identify
 i - 3 scrolls of amnesia
 k - a scroll of recharging
 p - 3 scrolls of teleportation
Potions
 o - a potion of haste {unknown}
 q - a potion of flight
 u - a potion of heal wounds
Books
 b - a book of Air

   Spells                             Type                      Level
   a - Shock                          Conjuration/Air              1
   b - Swiftness                      Charms/Air                   2
   c - Repel Missiles                 Charms/Air                   2
   d - Static Discharge               Conjuration/Air              3
   e - Lightning Bolt                 Conjuration/Air              5
 m - a book of Callings

   Spells                             Type                      Level
   a - Summon Small Mammal            Summoning                    1
   b - Call Imp                       Summoning                    2
   c - Call Canine Familiar           Summoning                    3
   d - Summon Guardian Golem          Hexes/Summoning              3
   e - Summon Lightning Spire         Summoning/Air                4
   f - Summon Ice Beast               Ice/Summoning                4
Comestibles
 l - 2 meat rations
 n - 9 fruits
 r - a bread ration


   Skills:
 - Level 5.7 Fighting
 - Level 2.1 Dodging
 - Level 2.0 Stealth
 - Level 3.6 Spellcasting
 + Level 3.1 Conjurations
 - Level 11.5 Air Magic


You had 3 spell levels left.
You knew the following spells:

 Your Spells              Type           Power        Failure   Level  Hunger
a - Shock                 Conj/Air       ####         1%          1    None
b - Repel Missiles        Chrm/Air       ###...       1%          2    ##.....
c - Swiftness             Chrm/Air       ###.....     1%          2    ##.....
d - Static Discharge      Conj/Air       ####....     2%          3    ###....
e - Summon Lightning Spi  Summ/Air       ###.....     17%         4    ####...


Dungeon Overview and Level Annotations

Branches:
Dungeon (7/15)             Temple (1/1) D:4

Altars:
Ashenzari
Cheibriados
Dithmenos
Elyvilon
Fedhas
Gozag
Hepliaklqana
Kikubaaqudgha
Makhleb
Nemelex Xobeh
Okawaru
Qazlal
Ru
Sif Muna
Trog
Uskayaw
Vehumet
Xom
Yredelemnul
Zin
The Shining One

Shops:
D:4 *


Innate Abilities, Weirdness & Mutations

You have a beak for a mouth.
You have claws for feet.
You can fly.


Message History

Confirm with . or Enter, or press ? or * to list all spells.
Aiming: Shock
Press: ? - help, Shift-Dir - straight line, f/p - hippogriff
Aim: a hippogriff (severely wounded)
The zap misses the hippogriff.
The zap hits the adder.
The adder is heavily wounded.
The hippogriff bites you.
* * * LOW HITPOINT WARNING * * *
The hippogriff completely misses you. The hippogriff closely misses you.
Unknown command.
Casting: Shock
Confirm with . or Enter, or press ? or * to list all spells.
The hippogriff is struck by lightning.
The hippogriff is almost dead.
The lightning arcs!
The adder is struck by lightning.
The adder is severely wounded.
The lightning grounds out.
The hippogriff bites you!
* * * LOW HITPOINT WARNING * * *
The hippogriff barely misses you. The hippogriff claws you!
You die...

#P≈ #. .P≈ ≈PP# #.##P♣
♣♣≈≈.# #.#P≈♣♣ ♣≈P.P#
#.#.≈P♣ ♣≈≈.P#
#.#P≈P♣♣♣≈P≈.#
#.P≈≈≈PP≈≈≈..#
####.##.≈≈≈≈PP..#######.
.....)....PP....@HS.....
####.####.......####.##.
####.# #.......# .....#
#.......####.# ...###
#######......# ...#
######.# ...###.###
.......... ...###....


You could see a hippogriff and an adder.

Vanquished Creatures
  Menkaure (D:5)
  2 phantoms
  3 ogres
  2 centaurs
  The ghost of North the Charmwright, an amateur MfSk (D:3)
  2 bullfrogs
  Blork the orc (D:6)
  2 scorpions
  A crimson imp (D:6)
  A jelly (D:5)
  A quasit (D:6)
  A bullfrog skeleton (D:5)
  An orc priest (D:3)
  A hound (D:4)
  3 iguanas
  2 orc wizards
  A worker ant (D:5)
  A hound zombie (D:6)
  A howler monkey zombie (D:6)
  A worker ant zombie (D:7)
  4 gnolls (D:3)
  A howler monkey skeleton (D:6)
  10 adders
  2 worms
  5 leopard geckos
  12 orcs
  8 bats
  5 giant cockroaches
  6 goblins
  10 hobgoblins
  3 jackals (D:4)
  2 quokkas
  4 ball pythons
  7 frilled lizards
  3 kobolds (D:1)
  2 quokka skeletons
  5 rats
118 creatures vanquished.

Notes
Turn   | Place    | Note
-------+----------+-------------------------------------------
     0 | D:1      | vatarom the Tengu Air Elementalist began the quest for the Orb.
     0 | D:1      | Reached XP level 1. HP: 10/10 MP: 4/4
   153 | D:1      | Reached XP level 2. HP: 3/15 MP: 0/6
   644 | D:1      | Reached skill level 5 in Air Magic
   764 | D:1      | Learned a level 2 spell: Repel Missiles
   767 | D:1      | Learned a level 2 spell: Swiftness
   965 | D:1      | Reached XP level 3. HP: 19/19 MP: 5/7
  1371 | D:2      | Reached skill level 6 in Air Magic
  1538 | D:2      | Reached XP level 4. HP: 24/24 MP: 3/8
  1939 | D:3      | Noticed North's ghost (amateur MfSk)
  1971 | D:3      | Killed North's ghost
  1971 | D:3      | Reached skill level 7 in Air Magic
  1971 | D:3      | Gained mutation: You can fly. [Tengu growth]
  1971 | D:3      | Reached XP level 5. HP: 22/28 MP: 0/9
  2057 | D:3      | Learned a level 3 spell: Static Discharge
  2057 | D:3      | Found a faded altar of an unknown god.
  2091 | D:3      | Reached skill level 8 in Air Magic
  2657 | D:3      | Reached XP level 6. HP: 31/32 MP: 5/10
  3110 | D:3      | Reached skill level 9 in Air Magic
  3628 | D:4      | Found a staircase to the Ecumenical Temple.
  3682 | Temple   | Entered the Ecumenical Temple
  3741 | Temple   | Became a worshipper of Vehumet
  4002 | D:4      | Found Keyrph's General Store.
  4228 | D:4      | You fall through a shaft!
  4228 | D:5      | Entered Level 5 of the Dungeon
  4435 | D:5      | Reached XP level 7. HP: 23/36 MP: 6/11
  4582 | D:5      | Reached skill level 10 in Air Magic
  4774 | D:5      | Noticed Menkaure
  4779 | D:5      | Killed Menkaure
  4779 | D:5      | Reached skill level 11 in Air Magic
  5415 | D:5      | Reached skill level 1 in Fighting
  5480 | D:5      | Reached XP level 8. HP: 24/45 MP: 3/12
  5651 | D:6      | Noticed Blork the orc
  5657 | D:6      | Killed Blork the orc
  6376 | D:6      | Reached * piety under Vehumet
  6376 | D:6      | Offered knowledge of Sting by Vehumet.
  6376 | D:6      | Reached skill level 5 in Fighting
  6851 | D:6      | Learned a level 4 spell: Summon Lightning Spire
  7101 | D:7      | Reached XP level 9. HP: 52/55 MP: 1/15
  7230 | D:7      | Slain by a hippogriff

Skill      XL: |  1  2  3  4  5  6  7  8 |
---------------+-------------------------+-----
Air Magic      | 5 6 7 8 9 11 | 11.5
Fighting       | 2 5 |  5.7
Spellcasting   | 3 |  3.6
Conjurations   | 3 |  3.1
Dodging        | |  2.1
Stealth        | |  2.0

Action                   |  1- 3 |  4- 6 |  7- 9 || total
-------------------------+-------+-------+-------++-------
Melee: Unarmed           |    13 |       |       ||    13
       Kick              |     6 |     8 |     4 ||    18
       Peck              |     2 |     1 |     3 ||     6
       Whip              |    15 |    33 |    32 ||    80
 Cast: Shock             |    54 |   103 |   130 ||   287
       Repel Missiles    |     1 |       |       ||     1
       Static Discharge  |       |     2 |    17 ||    19
 Abil: Fly               |       |       |     1 ||     1
  Use: Scroll            |     7 |     2 |     1 ||    10
       Potion            |     1 |     2 |     4 ||     7
 Stab: Sleeping          |       |       |     1 ||     1
  Eat: Chunk             |     3 |     3 |     4 ||    10
       Bread ration      |       |     2 |       ||     2
       Meat ration       |       |       |     1 ||     1
       Pizza             |       |       |     1 ||     1
       Beef jerky        |       |       |     1 ||     1
Armor: Robe              |    11 |    14 |    14 ||    39
Dodge: Dodged            |    33 |    49 |    53 ||   135
       Deflected         |       |     1 |       ||     1
